TOP OF THE 1ST |
Columbia 08s batting - Pitching for Cincinnati Pride : RHP Bart Brown
|
Pitching: RHP Bart Brown
|
|
Batting: RHB Carlos López
|
0-0: Ball 1-0: Ground out 4-3 (Groundball, 4)
|
Batting: RHB Ben Barker
|
0-0: DOUBLE (Line Drive, 7)
|
Batting: RHB Tom Hicks
|
0-0: Called Strike 0-1: Called Strike 0-2: Ball 1-2: Foul Ball, location: 2F 1-2: Fly out, F7 (Flyball, 7D) Runner from 2nd tags up, SAFE at 3rd, no throw
|
Batting: RHB Jaime Hernández
|
0-0: Ball 1-0: Ball 2-0: 2-RUN HOME RUN (Line Drive, 8LD) (Inside the Park)
|
Batting: SHB Juan Carlos González
|
0-0: Ball 1-0: Ball 2-0: Ball 3-0: Called Strike 3-1: Ground out 4-3 (Groundball, 4)
|
Top of the 1st over - 2 run(s), 2 hit(s), 0 error(s), 0 left on base; Columbia 2 - Cincinnati 0 |
BOTTOM OF THE 1ST |
Cincinnati Pride batting - Pitching for Columbia 08s : RHP Renaldo Quilh
|
Pitching: RHP Renaldo Quilh
|
|
Batting: SHB Jaime Martínez
|
0-0: Fly out, F8 (Flyball, 8LXD)
|
Batting: RHB Jorge Flores
|
0-0: Called Strike 0-1: Ball 1-1: DOUBLE (Line Drive, 8RXD)
|
Batting: LHB Gabriel Aragón
|
0-0: SINGLE (Groundball, 25) (infield hit) Jorge Flores to third
|
Batting: RHB Tony Long
|
0-0: Ball 1-0: Swinging Strike 1-1: Foul Ball, location: 2F 1-2: Fly out, F9 (Flyball, 9)
|
Batting: LHB John Clark
|
0-0: Ball 1-0: Ball 2-0: Ball 3-0: Base on Balls Gabriel Aragón to second
|
Batting: LHB Wes Thompson
|
0-0: Foul Ball, location: 2F 0-1: Ball 1-1: Swinging Strike 1-2: Ball 2-2: Strikes out swinging
|
Bottom of the 1st over - 0 run(s), 2 hit(s), 0 error(s), 3 left on base; Columbia 2 - Cincinnati 0 |
TOP OF THE 2ND |
Columbia 08s batting - Pitching for Cincinnati Pride : RHP Bart Brown
|
Batting: RHB Pedro López
|
0-0: Ground out 6-3 (Groundball, 6)
|
Batting: LHB Dave Raines
|
0-0: Reached on error, E9 (Flyball, 9)
|
Batting: RHB Juan Trujillo
|
0-0: Ball 1-0: Ball 2-0: Called Strike 2-1: Grounds into double play, 6-4-3 (Groundball, 6)
|
Top of the 2nd over - 0 run(s), 0 hit(s), 1 error(s), 0 left on base; Columbia 2 - Cincinnati 0 |
BOTTOM OF THE 2ND |
Cincinnati Pride batting - Pitching for Columbia 08s : RHP Renaldo Quilh
|
Batting: RHB Stan Simpson
|
0-0: Foul Ball, location: 2F 0-1: Called Strike 0-2: SOLO HOME RUN (Flyball, 7D), Distance : 376 ft
|
Batting: RHB Pete Woods
|
0-0: Called Strike 0-1: Ball 1-1: Called Strike 1-2: Strikes out swinging
|
Batting: RHB Dave Crawford
|
0-0: Ball 1-0: Ball 2-0: Ball 3-0: Base on Balls
|
Batting: SHB Jaime Martínez
|
0-0: Called Strike 0-1: Called Strike 0-2: Ball 1-2: SINGLE (Line Drive, 9S) Dave Crawford to second Runner from 2nd tries for 3rd, SAFE, no throw
|
Batting: RHB Jorge Flores
|
0-0: Foul Ball, location: 2F 0-1: Called Strike 0-2: Ball 1-2: Ball 2-2: Reached on error, E5 (Groundball, 56) Dave Crawford scores Jaime Martínez to second
|
Batting: LHB Gabriel Aragón
|
0-0: Called Strike 0-1: Foul Ball, location: 2F 0-2: Strikes out swinging
|
Batting: RHB Tony Long
|
0-0: Fielders Choice at 2nd, 6-4 (Groundball, 6)
|
Bottom of the 2nd over - 2 run(s), 2 hit(s), 1 error(s), 1 left on base; Columbia 2 - Cincinnati 2 |
TOP OF THE 3RD |
Columbia 08s batting - Pitching for Cincinnati Pride : RHP Bart Brown
|
Batting: RHB James Hunter
|
0-0: Called Strike 0-1: Ball 1-1: Foul Ball, location: 2F 1-2: Ball 2-2: Ball 3-2: Foul Ball, location: 2F 3-2: Foul Ball, location: 2F 3-2: SINGLE (Line Drive, 78S)
|
Batting: RHB Carlos López
|
0-0: Ball 1-0: Ball 2-0: Grounds into double play, 4-6-3 (Groundball, 4)
|
Batting: RHB Ben Barker
|
0-0: Called Strike 0-1: Ground out 6-3 (Groundball, 6)
|
Top of the 3rd over - 0 run(s), 1 hit(s), 0 error(s), 0 left on base; Columbia 2 - Cincinnati 2 |
BOTTOM OF THE 3RD |
Cincinnati Pride batting - Pitching for Columbia 08s : RHP Renaldo Quilh
|
Batting: LHB John Clark
|
0-0: Called Strike 0-1: Foul Ball, location: 2F 0-2: Foul Ball, location: 2F 0-2: Ball 1-2: Strikes out swinging
|
Batting: LHB Wes Thompson
|
0-0: Called Strike 0-1: Called Strike 0-2: Fly out, F7 (Flyball, 7LS)
|
Batting: RHB Stan Simpson
|
0-0: Called Strike 0-1: Foul Ball, location: 2F 0-2: Ball 1-2: SINGLE (Flyball, 9LS)
|
Batting: RHB Pete Woods
|
0-0: Swinging Strike 0-1: Called Strike 0-2: Foul Ball, location: 2F 0-2: Ground out 6-3 (Groundball, 6MS)
|
Bottom of the 3rd over - 0 run(s), 1 hit(s), 0 error(s), 1 left on base; Columbia 2 - Cincinnati 2 |
TOP OF THE 4TH |
Columbia 08s batting - Pitching for Cincinnati Pride : RHP Bart Brown
|
Batting: RHB Tom Hicks
|
0-0: Ball 1-0: Fly out, F7 (Line Drive, 78S)
|
Batting: RHB Jaime Hernández
|
0-0: Ball 1-0: Called Strike 1-1: SINGLE (Groundball, 6D)
|
Batting: SHB Juan Carlos González
|
0-0: Foul Ball, location: 2F 0-1: Ball 1-1: Swinging Strike 1-2: Ball 2-2: Strikes out swinging
|
Batting: RHB Pedro López
|
0-0: Ball 1-0: Called Strike 1-1: Ball 2-1: Called Strike 2-2: Fly out, F9 (Flyball, 9LM)
|
Top of the 4th over - 0 run(s), 1 hit(s), 0 error(s), 1 left on base; Columbia 2 - Cincinnati 2 |
BOTTOM OF THE 4TH |
Cincinnati Pride batting - Pitching for Columbia 08s : RHP Renaldo Quilh
|
Batting: RHB Dave Crawford
|
0-0: SINGLE (Line Drive, 9S)
|
Batting: SHB Jaime Martínez
|
0-0: Ball 1-0: Called Strike 1-1: Called Strike 1-2: Ball 2-2: Ground out 3-1 (Groundball, 34S) Dave Crawford to second
|
Batting: RHB Jorge Flores
|
0-0: Called Strike 0-1: 2-RUN HOME RUN (Line Drive, 7D), Distance : 407 ft
|
Batting: LHB Gabriel Aragón
|
0-0: Ball 1-0: Foul Ball, location: 2F 1-1: Ground out U3 (Groundball, 23)
|
Batting: RHB Tony Long
|
0-0: Ball 1-0: Called Strike 1-1: Ball 2-1: Ball 3-1: Foul Ball, location: 2F 3-2: Base on Balls
|
Batting: LHB John Clark
|
0-0: SINGLE (Line Drive, 3D) Tony Long to second Runner from 2nd tries for 3rd, SAFE, no throw
|
Batting: LHB Wes Thompson
|
0-0: Foul Ball, location: 2F 0-1: Fly out, F8 (Line Drive, 8LS)
|
Bottom of the 4th over - 2 run(s), 3 hit(s), 0 error(s), 2 left on base; Columbia 2 - Cincinnati 4 |
TOP OF THE 5TH |
Columbia 08s batting - Pitching for Cincinnati Pride : RHP Bart Brown
|
Batting: LHB Dave Raines
|
0-0: Foul Ball, location: 2F 0-1: Swinging Strike 0-2: Foul Ball, location: 2F 0-2: Ball 1-2: Fly out, F7 (Flyball, 78M)
|
Batting: RHB Juan Trujillo
|
0-0: Ball 1-0: Foul Ball, location: 2F 1-1: Ball 2-1: Foul Ball, location: 2F 2-2: Ground out 5-3 (Groundball, 56S)
|
Batting: RHB James Hunter
|
0-0: SINGLE (Groundball, 4S) (infield hit)
|
Batting: RHB Carlos López
|
0-0: Foul Ball, location: 2F 0-1: Fielders Choice at 2nd, 4-6 (Groundball, 4)
|
Top of the 5th over - 0 run(s), 1 hit(s), 0 error(s), 0 left on base; Columbia 2 - Cincinnati 4 |
BOTTOM OF THE 5TH |
Cincinnati Pride batting - Pitching for Columbia 08s : RHP Renaldo Quilh
|
Batting: RHB Stan Simpson
|
0-0: Ball 1-0: Swinging Strike 1-1: Foul Ball, location: 2F 1-2: SINGLE (Groundball, 56D)
|
Batting: RHB Pete Woods
|
0-0: Called Strike 0-1: Ball 1-1: Swinging Strike 1-2: Strikes out swinging
|
Pitching: RHP Gabriel McDaniel
|
|
Batting: RHB Dave Crawford
|
0-0: Called Strike 0-1: Fly out, F5 (Popup, 5D)
|
Batting: SHB Jaime Martínez
|
0-0: Called Strike 0-1: Ball 1-1: Fielders Choice at 2nd, 6-4 (Groundball, 6)
|
Bottom of the 5th over - 0 run(s), 1 hit(s), 0 error(s), 0 left on base; Columbia 2 - Cincinnati 4 |
TOP OF THE 6TH |
Columbia 08s batting - Pitching for Cincinnati Pride : RHP Bart Brown
|
Batting: RHB Ben Barker
|
0-0: Ball 1-0: Ball 2-0: Called Strike 2-1: Ground out 5-3 (Groundball, 56)
|
Batting: RHB Tom Hicks
|
0-0: Ball 1-0: Called Strike 1-1: Ball 2-1: Foul Ball, location: 2F 2-2: SINGLE (Line Drive, 7LS)
|
Batting: RHB Jaime Hernández
|
0-0: Ball Tom Hicks is caught stealing 2nd base 1-0: Ball 2-0: Foul Ball, location: 2F 2-1: Swinging Strike 2-2: SINGLE (Line Drive, 8RS)
|
Batting: SHB Juan Carlos González
|
0-0: Called Strike 0-1: Ball 1-1: Ball Pickoff Throw to First - Out!
|
Top of the 6th over - 0 run(s), 2 hit(s), 0 error(s), 0 left on base; Columbia 2 - Cincinnati 4 |
BOTTOM OF THE 6TH |
Cincinnati Pride batting - Pitching for Columbia 08s : RHP Gabriel McDaniel
|
Batting: RHB Jorge Flores
|
0-0: Called Strike 0-1: Ball 1-1: Foul Ball, location: 2F 1-2: Ball 2-2: SINGLE (Line Drive, 9LS)
|
Batting: LHB Gabriel Aragón
|
0-0: Ball 1-0: Ball 2-0: Ball 3-0: Called Strike 3-1: Base on Balls Jorge Flores to second
|
Batting: RHB Tony Long
|
0-0: Ball 1-0: Ball 2-0: Called Strike 2-1: Ball 3-1: Foul Ball, location: 2F 3-2: Base on Balls Jorge Flores to third Gabriel Aragón to second
|
Batting: LHB John Clark
|
0-0: Foul Ball, location: 2F 0-1: Ball 1-1: Foul Ball, location: 2F 1-2: Strikes out swinging
|
Batting: LHB Wes Thompson
|
0-0: Ball 1-0: Ball 2-0: Called Strike 2-1: Ball 3-1: Grounds into double play, 3-6-3 (Groundball, 34)
|
Bottom of the 6th over - 0 run(s), 1 hit(s), 0 error(s), 2 left on base; Columbia 2 - Cincinnati 4 |
TOP OF THE 7TH |
Columbia 08s batting - Pitching for Cincinnati Pride : RHP Bart Brown
|
Batting: SHB Juan Carlos González
|
0-0: Swinging Strike 0-1: Ball 1-1: Ball 2-1: Ball 3-1: Swinging Strike 3-2: Strikes out swinging
|
Pitching: RHP José Bruschy
|
|
Batting: RHB Pedro López
|
0-0: Swinging Strike 0-1: SOLO HOME RUN (Flyball, 9D), Distance : 420 ft
|
Batting: LHB Dave Raines
|
0-0: Ball 1-0: Ball 2-0: Called Strike 2-1: Ball 3-1: Foul Ball, location: 2F 3-2: Base on Balls
|
Pinch Hitting: LHB Claudio Palácios
|
0-0: Ball 1-0: Foul Ball, location: 2F 1-1: Swinging Strike 1-2: DOUBLE (Groundball, 3L) Dave Raines to third
|
Batting: RHB James Hunter
|
0-0: Called Strike 0-1: Swinging Strike 0-2: Ball 1-2: SINGLE (Groundball, 56D) Dave Raines scores Claudio Palácios to third Runner from 3rd tries for Home, SAFE, no throw
|
Pitching: LHP Jon Bridges
|
|
Batting: RHB Carlos López
|
0-0: Called Strike 0-1: Called Strike 0-2: Fly out, F8 (Flyball, 89M)
|
Batting: RHB Ben Barker
|
0-0: Ball 1-0: Ball 2-0: Called Strike 2-1: SINGLE (Line Drive, 6) James Hunter to second
|
Batting: RHB Tom Hicks
|
0-0: Called Strike 0-1: SINGLE (Groundball, 34D) James Hunter to third Ben Barker to second Runner from 3rd tries for Home, SAFE, no throw
|
Batting: RHB Jaime Hernández
|
0-0: Called Strike 0-1: Fly out, F7 (Flyball, 7)
|
Top of the 7th over - 4 run(s), 5 hit(s), 0 error(s), 2 left on base; Columbia 6 - Cincinnati 4 |
BOTTOM OF THE 7TH |
Cincinnati Pride batting - Pitching for Columbia 08s : RHP Gabriel McDaniel
|
Now in CF: Claudio Palácios
|
|
Batting: RHB Stan Simpson
|
0-0: Ground out 6-3 (Groundball, 6)
|
Batting: RHB Pete Woods
|
0-0: Called Strike 0-1: Ball 1-1: Fly out, F9 (Flyball, 9LSF)
|
Batting: RHB Dave Crawford
|
0-0: Ball 1-0: Ball 2-0: Ball 3-0: Base on Balls
|
Batting: SHB Jaime Martínez
|
0-0: Ball 1-0: Ball 2-0: Fielders Choice at 2nd, 6-4 (Groundball, 6)
|
Bottom of the 7th over - 0 run(s), 0 hit(s), 0 error(s), 0 left on base; Columbia 6 - Cincinnati 4 |
TOP OF THE 8TH |
Columbia 08s batting - Pitching for Cincinnati Pride : LHP Jon Bridges
|
Batting: SHB Juan Carlos González
|
0-0: Swinging Strike 0-1: Called Strike 0-2: Ball 1-2: Ground out 4-3 (Groundball, 4)
|
Batting: RHB Pedro López
|
0-0: Ground out 6-3 (Groundball, 6)
|
Batting: LHB Dave Raines
|
0-0: Called Strike 0-1: Called Strike 0-2: Ball 1-2: Ball 2-2: Ball 3-2: Foul Ball, location: 2F 3-2: SINGLE (Groundball, 6D)
|
Batting: LHB Claudio Palácios
|
Pickoff Throw to First - Out!
|
Top of the 8th over - 0 run(s), 1 hit(s), 0 error(s), 0 left on base; Columbia 6 - Cincinnati 4 |
BOTTOM OF THE 8TH |
Cincinnati Pride batting - Pitching for Columbia 08s : RHP Gabriel McDaniel
|
Batting: RHB Jorge Flores
|
0-0: Ball 1-0: Ball 2-0: Foul Ball, location: 2F 2-1: SINGLE (Line Drive, 4MD)
|
Pitching: LHP Henny van der Lack
|
|
Batting: LHB Gabriel Aragón
|
0-0: Swinging Strike 0-1: Fly out, F9 (Line Drive, 9D)
|
Pitching: RHP Alejandro Hernández
|
|
Batting: RHB Tony Long
|
0-0: Ball 1-0: Ball 2-0: Foul Ball, location: 2F 2-1: Ball 3-1: Base on Balls Jorge Flores to second
|
Batting: LHB John Clark
|
0-0: Swinging Strike 0-1: Grounds into double play, 6-4-3 (Groundball, 6)
|
Bottom of the 8th over - 0 run(s), 1 hit(s), 0 error(s), 1 left on base; Columbia 6 - Cincinnati 4 |
TOP OF THE 9TH |
Columbia 08s batting - Pitching for Cincinnati Pride : LHP Jon Bridges
|
Batting: LHB Claudio Palácios
|
0-0: Ball 1-0: DOUBLE (Line Drive, 9LM)
|
Batting: RHB James Hunter
|
0-0: Ball 1-0: Called Strike 1-1: Foul Ball, location: 2F 1-2: Ball 2-2: Ground out 6-3 (Groundball, 6)
|
Batting: RHB Carlos López
|
0-0: Called Strike Claudio Palácios is caught stealing 3rd base 0-1: Foul Ball, location: 2F 0-2: Foul Ball, location: 2F 0-2: Ball 1-2: Ball 2-2: Foul Ball, location: 2F 2-2: Ball 3-2: Base on Balls
|
Batting: RHB Ben Barker
|
0-0: Called Strike Carlos López is caught stealing 2nd base
|
Top of the 9th over - 0 run(s), 1 hit(s), 0 error(s), 0 left on base; Columbia 6 - Cincinnati 4 |
BOTTOM OF THE 9TH |
Cincinnati Pride batting - Pitching for Columbia 08s : RHP Alejandro Hernández
|
Pitching: LHP León Hernández
|
|
Now at 2B: Ernesto Villa
|
|
Now in RF: Francisco Gonzáles
|
|
Batting: LHB Wes Thompson
|
0-0: Called Strike 0-1: Called Strike 0-2: Ball 1-2: Foul Ball, location: 2F 1-2: Foul Ball, location: 2F 1-2: Ball 2-2: Strikes out swinging, 2-3 out at first.
|
Batting: RHB Stan Simpson
|
0-0: Ball 1-0: Called Strike 1-1: Foul Ball, location: 2F 1-2: SOLO HOME RUN (Flyball, 7D), Distance : 384 ft
|
Pinch Hitting: RHB Jorge Silva
|
0-0: Ball 1-0: Called Strike 1-1: Ground out 4-3 (Groundball, 4M)
|
Pinch Hitting: RHB Roger Rush
|
0-0: Swinging Strike 0-1: Ball 1-1: Ball 2-1: Ball 3-1: Base on Balls
|
Pinch Hitting: RHB Keith Sheehan
|
0-0: Ball 1-0: Foul Ball, location: 2F 1-1: Fielders Choice at 2nd, 4-6 (Groundball, 4)
|
Bottom of the 9th over - 1 run(s), 1 hit(s), 0 error(s), 0 left on base; Columbia 6 - Cincinnati 5 |
|